General information
- name: BNet
- type: Ladder team game (AT/RT)
- host: Battle.net
- saver: AllPigsMustDie
map: TwilightRuins
- players: 8
- length: 42:56
- speed: Fast
- version: 1.26 W3XP
- replay type: Public
» download(286 KB)
Players
team 1 (loser)

»
I-Iell_I)emon69 (
orange | 73 APM | 2266 actions | 31:12)
7 Demon Hunter
3 Mana Burn
3 Evasion
1 Metamorphosis
6 Keeper of the Grove
3 Entangling Roots
2 Thorns Aura
1 Tranquility
» actions
| Assign group hotkey | 28 | |
| Basic commands | 47 | |
| Build / train | 90 | |
| Enter build submenu | 24 | |
| Enter hero's abilities submenu | 13 | |
| Give item / drop item | 2 | |
| Remove unit from queue | 1 | |
| Right click | 881 | |
| Select / deselect | 420 | |
| Select group hotkey | 688 | |
| Use ability | 72 | |
2266 total
» units
| Wisp | 18 | |
| Archer | 7 | |
| Huntress | 1 | |
| Faerie Dragon | 5 | |
| Goblin Shredder | 1 | |
| Hippogryph | 9 | |
| Chimaera | 9 | |
| Mountain Giant | 3 | |
53 total
» upgrades
| Strength of the Wild | 3 | |
| Reinforced Hides | 3 | |
| Corrosive Breath | 1 | |
| Ultravision | 1 | |
| Resistant Skin | 1 | |
| Hardened Skin | 1 | |
10 total
» buildings
| Altar of Elders | 1 | |
| Moon Well | 10 | |
| Ancient of War | 1 | |
| Ancient of Wonders | 1 | |
| Tree of Ages | 1 | |
| Tree of Life | 3 | |
| Hunter's Hall | 1 | |
| Ancient of Wind | 1 | |
| Tree of Eternity | 1 | |
| Ancient Protector | 2 | |
| Chimaera Roost | 2 | |
| Ancient of Lore | 1 | |
25 total
» build order
00:08 Altar of Elders
00:10 Moon Well
00:20 Moon Well
01:22 Moon Well
01:26 Ancient of War
02:23 Moon Well
03:41 Moon Well
03:57 Ancient of Wonders
04:00 Tree of Ages
04:59 Tree of Life
05:09 Moon Well
05:14 Hunter's Hall
08:03 Ancient of Wind
09:54 Tree of Eternity
10:05 Moon Well
10:09 Moon Well
10:15 Ancient Protector
10:20 Ancient Protector
13:06 Chimaera Roost
13:07 Chimaera Roost
14:32 Moon Well
22:17 Moon Well
23:24 Ancient of Lore
26:34 Tree of Life
28:55 Tree of Life
» items
| Gloves of Haste | 1 | |
| Claws of Attack +6 | 1 | |
| Circlet of Nobility | 1 | |
| Scroll of Town Portal | 2 | |
| Orb of Venom | 1 | |
| Orb of Fire | 1 | |
| Scroll of Regeneration | 1 | |
| Claws of Attack +9 | 1 | |
9 total
TooLongWait (
purple | 67 APM | 2243 actions | 33:35)
7 Archmage
3 Blizzard
3 Brilliance Aura
1 Mass Teleport
7 Blood Mage
3 Flame Strike
3 Siphon Mana
1 Summon Phoenix
4 Mountain King
2 Storm Bolt
2 Bash
» actions
| Assign group hotkey | 33 | |
| Basic commands | 65 | |
| Build / train | 75 | |
| Enter build submenu | 25 | |
| Enter hero's abilities submenu | 19 | |
| Give item / drop item | 2 | |
| Remove unit from queue | 2 | |
| Right click | 768 | |
| Select / deselect | 636 | |
| Select group hotkey | 400 | |
| Use ability | 218 | |
2243 total
» units
| Peasant | 11 | |
| Priest | 6 | |
| Sorceress | 6 | |
| Goblin Shredder | 1 | |
| Dragonhawk Rider | 7 | |
31 total
» upgrades
| Priest Training | 2 | |
| Sorceress Training | 2 | |
| Lumber Harvesting | 1 | |
| Armor | 2 | |
| Magic Sentry | 1 | |
| Swords | 1 | |
| Cloud | 1 | |
| Animal War Training | 1 | |
11 total
» buildings
| Keep | 1 | |
| Altar of Kings | 1 | |
| Farm | 10 | |
| Lumber Mill | 1 | |
| Arcane Vault | 1 | |
| Arcane Sanctum | 2 | |
| Castle | 1 | |
| Blacksmith | 1 | |
| Town Hall | 2 | |
| Scout Tower | 1 | |
| Arcane Tower | 1 | |
| Gryphon Aviary | 4 | |
| Barracks | 1 | |
27 total
» build order
01:35 Keep
01:38 Altar of Kings
01:46 Farm
01:53 Lumber Mill
02:08 Farm
02:46 Arcane Vault
02:49 Farm
04:00 Arcane Sanctum
04:14 Arcane Sanctum
05:15 Farm
05:54 Farm
06:37 Castle
06:38 Farm
06:41 Blacksmith
07:02 Town Hall
07:39 Farm
08:57 Scout Tower
09:40 Arcane Tower
10:50 Gryphon Aviary
10:52 Gryphon Aviary
10:54 Gryphon Aviary
10:58 Gryphon Aviary
12:15 Barracks
12:23 Farm
12:23 Farm
12:24 Farm
26:05 Town Hall
» items
| Scroll of Town Portal | 2 | |
| Scroll of Regeneration | 2 | |
| Orb of Fire | 1 | |
5 total
AllPigsMustDie (
red | 117 APM | 5021 actions | 42:56)
6 Archmage
3 Summon Water Elemental
2 Brilliance Aura
1 Mass Teleport
4 Mountain King
2 Storm Bolt
2 Bash
» actions
| Assign group hotkey | 99 | |
| Basic commands | 447 | |
| Build / train | 157 | |
| ESC pressed | 12 | |
| Enter build submenu | 55 | |
| Enter hero's abilities submenu | 11 | |
| Give item / drop item | 17 | |
| Right click | 1473 | |
| Select / deselect | 611 | |
| Select group hotkey | 1839 | |
| Use ability | 300 | |
5021 total
» units
| Peasant | 16 | |
| Footman | 9 | |
| Goblin Shredder | 3 | |
| Gryphon Rider | 4 | |
| Dragonhawk Rider | 2 | |
34 total
» upgrades
| Masonry | 3 | |
| Lumber Harvesting | 2 | |
| Defend | 1 | |
| Swords | 3 | |
| Armor | 3 | |
| Storm Hammers | 1 | |
| Cloud | 1 | |
| Animal War Training | 1 | |
| Backpack | 1 | |
| Barrage | 1 | |
| Flak Cannons | 1 | |
| Flying Machine Bombs | 1 | |
| Fragmentation Shards | 1 | |
| Flare | 1 | |
| Plating | 3 | |
| Gunpowder | 3 | |
| Long Rifles | 1 | |
| Strength of the Moon | 1 | |
| Moon Armor | 1 | |
30 total
» buildings
| Barracks | 1 | |
| Altar of Kings | 1 | |
| Farm | 12 | |
| Town Hall | 6 | |
| Arcane Vault | 1 | |
| Scout Tower | 18 | |
| Lumber Mill | 1 | |
| Arcane Tower | 1 | |
| Keep | 3 | |
| Guard Tower | 18 | |
| Blacksmith | 1 | |
| Castle | 3 | |
| Gryphon Aviary | 6 | |
| Workshop | 3 | |
| Cannon Tower | 1 | |
76 total
» build order
00:07 Barracks
00:10 Altar of Kings
00:21 Farm
00:56 Farm
01:39 Farm
02:30 Farm
03:32 Town Hall
04:10 Arcane Vault
04:37 Scout Tower
05:04 Lumber Mill
05:08 Arcane Tower
05:58 Farm
06:04 Keep
06:05 Keep
06:12 Scout Tower
06:40 Guard Tower
06:40 Guard Tower
06:52 Scout Tower
06:53 Scout Tower
06:54 Scout Tower
06:55 Scout Tower
06:57 Scout Tower
07:20 Guard Tower
07:20 Guard Tower
07:22 Guard Tower
07:22 Guard Tower
07:23 Guard Tower
07:23 Guard Tower
07:23 Guard Tower
07:28 Scout Tower
07:29 Scout Tower
07:55 Guard Tower
08:02 Guard Tower
08:02 Guard Tower
08:02 Guard Tower
08:07 Blacksmith
08:11 Farm
08:28 Castle
08:28 Castle
09:08 Scout Tower
09:09 Scout Tower
09:11 Scout Tower
09:15 Scout Tower
09:16 Scout Tower
10:38 Gryphon Aviary
10:40 Gryphon Aviary
10:41 Gryphon Aviary
10:42 Gryphon Aviary
10:43 Gryphon Aviary
10:47 Gryphon Aviary
10:52 Farm
14:26 Farm
14:27 Farm
14:28 Farm
14:29 Farm
14:33 Farm
15:05 Guard Tower
15:05 Guard Tower
16:18 Workshop
16:20 Workshop
16:21 Workshop
18:23 Cannon Tower
21:43 Town Hall
21:45 Scout Tower
21:46 Scout Tower
21:47 Scout Tower
21:48 Scout Tower
25:42 Town Hall
32:02 Town Hall
35:46 Town Hall
40:01 Town Hall
» items
| Scroll of Regeneration | 12 | |
| Lesser Clarity Potion | 1 | |
| Mechanical Critter | 6 | |
| Boots of Speed | 1 | |
| Staff of Teleportation | 2 | |
| Periapt of Vitality | 4 | |
| Potion of Lesser Invulnerability | 1 | |
| Scroll of Town Portal | 6 | |
| Staff of Sanctuary | 1 | |
| Ivory Tower | 2 | |
| Potion of Healing | 3 | |
39 total
c0nvict (
yellow | 52 APM | 2217 actions | 42:46)
6 Paladin
1 Holy Light
3 Devotion Aura
1 Divine Shield
1 Resurrection
» actions
| Assign group hotkey | 25 | |
| Basic commands | 46 | |
| Build / train | 162 | |
| Enter build submenu | 40 | |
| Enter hero's abilities submenu | 6 | |
| Give item / drop item | 2 | |
| Right click | 916 | |
| Select / deselect | 558 | |
| Select group hotkey | 286 | |
| Use ability | 176 | |
2217 total
» units
| Peasant | 22 | |
| Footman | 7 | |
| Goblin Shredder | 2 | |
| Rifleman | 15 | |
| Mortar Team | 8 | |
| Siege Engine | 6 | |
| Hippogryph | 4 | |
64 total
» upgrades
| Masonry | 3 | |
| Gunpowder | 3 | |
| Armor | 3 | |
| Lumber Harvesting | 2 | |
| Long Rifles | 1 | |
| Fragmentation Shards | 1 | |
| Flare | 1 | |
| Barrage | 1 | |
| Plating | 2 | |
17 total
» buildings
| Altar of Kings | 1 | |
| Barracks | 3 | |
| Farm | 13 | |
| Lumber Mill | 1 | |
| Scout Tower | 9 | |
| Guard Tower | 15 | |
| Arcane Vault | 1 | |
| Town Hall | 4 | |
| Blacksmith | 2 | |
| Keep | 4 | |
| Workshop | 5 | |
| Castle | 3 | |
| Cannon Tower | 6 | |
| Ancient of Wind | 1 | |
68 total
» build order
00:23 Altar of Kings
00:27 Barracks
00:48 Farm
00:59 Barracks
01:25 Lumber Mill
01:37 Scout Tower
01:59 Farm
02:14 Farm
02:28 Guard Tower
02:29 Guard Tower
02:36 Farm
02:52 Scout Tower
03:00 Scout Tower
03:42 Arcane Vault
03:44 Guard Tower
03:44 Guard Tower
03:45 Guard Tower
03:46 Guard Tower
04:55 Barracks
05:07 Town Hall
05:42 Farm
06:10 Farm
06:33 Scout Tower
07:40 Blacksmith
07:42 Guard Tower
07:42 Guard Tower
07:44 Keep
07:45 Keep
07:51 Scout Tower
08:19 Scout Tower
08:27 Blacksmith
08:29 Guard Tower
08:29 Guard Tower
08:33 Farm
09:58 Farm
10:00 Guard Tower
10:00 Guard Tower
10:08 Scout Tower
10:13 Workshop
10:16 Workshop
10:45 Castle
10:45 Castle
10:50 Workshop
10:54 Farm
13:55 Cannon Tower
14:37 Scout Tower
14:43 Scout Tower
15:20 Farm
15:22 Cannon Tower
16:22 Farm
16:26 Farm
22:41 Farm
23:38 Town Hall
25:01 Town Hall
27:46 Workshop
28:36 Workshop
30:41 Town Hall
37:57 Ancient of Wind
» items
| Scroll of Healing | 1 | |
| Potion of Lesser Invulnerability | 1 | |
| Scroll of Protection | 1 | |
| Scroll of Town Portal | 2 | |
| Boots of Speed | 1 | |
6 total
team 2 (winner)
fuccking-mexico (
blue | 85 APM | 2167 actions | 25:29)
5 Archmage
3 Summon Water Elemental
2 Brilliance Aura
5 Paladin
1 Holy Light
1 Divine Shield
3 Devotion Aura
5 Mountain King
3 Storm Bolt
2 Bash
» actions
| Assign group hotkey | 34 | |
| Basic commands | 158 | |
| Build / train | 131 | |
| ESC pressed | 3 | |
| Enter build submenu | 28 | |
| Enter hero's abilities submenu | 15 | |
| Right click | 659 | |
| Select / deselect | 701 | |
| Select group hotkey | 279 | |
| Use ability | 159 | |
2167 total
» units
| Peasant | 52 | |
| Mortar Team | 12 | |
| Flying Machine | 3 | |
| Siege Engine | 9 | |
76 total
» upgrades
| Masonry | 3 | |
| Plating | 3 | |
| Gunpowder | 3 | |
| Fragmentation Shards | 1 | |
| Barrage | 1 | |
| Flare | 1 | |
| Lumber Harvesting | 2 | |
14 total
» buildings
| Altar of Kings | 1 | |
| Farm | 13 | |
| Scout Tower | 1 | |
| Arcane Tower | 1 | |
| Lumber Mill | 2 | |
| Keep | 3 | |
| Blacksmith | 1 | |
| Town Hall | 4 | |
| Arcane Vault | 1 | |
| Castle | 1 | |
| Workshop | 3 | |
31 total
» build order
00:13 Altar of Kings
00:16 Farm
01:00 Farm
01:22 Scout Tower
01:50 Arcane Tower
02:27 Lumber Mill
03:06 Keep
03:06 Keep
03:08 Farm
03:11 Blacksmith
03:36 Farm
04:36 Town Hall
04:45 Arcane Vault
04:47 Farm
05:28 Castle
05:51 Workshop
06:00 Workshop
06:02 Workshop
06:10 Farm
06:12 Farm
06:14 Farm
06:14 Farm
06:23 Farm
09:01 Farm
09:04 Farm
14:23 Farm
15:15 Lumber Mill
16:25 Town Hall
16:34 Town Hall
22:25 Town Hall
» items
| Orb of Fire | 3 | |
| Scroll of Town Portal | 2 | |
| Scroll of Regeneration | 1 | |
| Potion of Healing | 1 | |
| Boots of Speed | 2 | |
| Circlet of Nobility | 1 | |
10 total

»
SmellMyTurds (
pink | 64 APM | 1576 actions | 24:32)
6 Mountain King
3 Storm Bolt
2 Bash
1 Avatar
4 Paladin
2 Holy Light
2 Devotion Aura
» actions
| Assign group hotkey | 31 | |
| Basic commands | 226 | |
| Build / train | 102 | |
| Enter build submenu | 27 | |
| Enter hero's abilities submenu | 10 | |
| Give item / drop item | 2 | |
| Remove unit from queue | 2 | |
| Right click | 267 | |
| Select / deselect | 258 | |
| Select group hotkey | 554 | |
| Use ability | 97 | |
1576 total
» units
| Peasant | 22 | |
| Footman | 8 | |
| Knight | 12 | |
| Siege Engine | 14 | |
| Goblin Shredder | 1 | |
57 total
» upgrades
| Swords | 3 | |
| Plating | 3 | |
| Armor | 0 | |
| Gunpowder | 4 | |
| Animal War Training | 1 | |
| Barrage | 1 | |
12 total
» buildings
| Farm | 10 | |
| Altar of Kings | 1 | |
| Barracks | 2 | |
| Arcane Vault | 1 | |
| Town Hall | 2 | |
| Keep | 2 | |
| Lumber Mill | 1 | |
| Blacksmith | 1 | |
| Castle | 1 | |
| Workshop | 2 | |
23 total
» build order
00:10 Farm
00:15 Altar of Kings
00:30 Barracks
00:50 Farm
01:40 Farm
03:18 Farm
03:22 Arcane Vault
04:05 Town Hall
04:41 Keep
05:27 Lumber Mill
05:33 Farm
05:44 Blacksmith
06:35 Farm
07:37 Castle
07:40 Barracks
08:07 Workshop
08:31 Workshop
11:19 Farm
11:21 Farm
11:23 Farm
22:04 Town Hall
23:43 Farm
» items
| Boots of Speed | 1 | |
| Scroll of Regeneration | 4 | |
| Lesser Clarity Potion | 6 | |
| Scroll of Town Portal | 3 | |
| Orb of Fire | 1 | |
| Potion of Healing | 1 | |
16 total
BlitzkriegBop (
teal | 42 APM | 1802 actions | 42:56)
9 Archmage
3 Summon Water Elemental
3 Brilliance Aura
1 Mass Teleport
2 Blizzard
» actions
| Assign group hotkey | 63 | |
| Basic commands | 43 | |
| Build / train | 84 | |
| Enter build submenu | 41 | |
| Enter hero's abilities submenu | 9 | |
| Give item / drop item | 3 | |
| Remove unit from queue | 1 | |
| Right click | 657 | |
| Select / deselect | 458 | |
| Select group hotkey | 290 | |
| Use ability | 153 | |
1802 total
» units
| Peasant | 14 | |
| Footman | 5 | |
| Goblin Shredder | 5 | |
| Gryphon Rider | 4 | |
| Dragonhawk Rider | 7 | |
35 total
» upgrades
| Lumber Harvesting | 1 | |
| Storm Hammers | 1 | |
| Masonry | 2 | |
| Swords | 3 | |
| Armor | 3 | |
| Cloud | 1 | |
| Animal War Training | 1 | |
| Magic Sentry | 1 | |
13 total
» buildings
| Altar of Kings | 1 | |
| Barracks | 1 | |
| Farm | 10 | |
| Keep | 1 | |
| Town Hall | 3 | |
| Arcane Vault | 1 | |
| Lumber Mill | 1 | |
| Castle | 1 | |
| Gryphon Aviary | 6 | |
| Blacksmith | 2 | |
| Scout Tower | 18 | |
| Guard Tower | 4 | |
| Arcane Sanctum | 1 | |
50 total
» build order
00:37 Altar of Kings
00:39 Barracks
01:00 Farm
01:07 Farm
01:09 Farm
01:58 Farm
03:27 Keep
04:07 Town Hall
04:31 Arcane Vault
05:21 Lumber Mill
05:31 Farm
06:04 Castle
06:27 Gryphon Aviary
07:48 Gryphon Aviary
09:03 Gryphon Aviary
09:03 Gryphon Aviary
09:04 Gryphon Aviary
09:06 Gryphon Aviary
09:54 Blacksmith
09:58 Blacksmith
11:03 Scout Tower
11:03 Scout Tower
11:04 Scout Tower
11:04 Scout Tower
11:04 Scout Tower
11:06 Scout Tower
11:06 Scout Tower
11:06 Scout Tower
11:07 Scout Tower
12:10 Farm
12:14 Farm
12:18 Farm
12:20 Farm
12:34 Guard Tower
12:38 Arcane Sanctum
14:06 Guard Tower
15:58 Farm
19:36 Scout Tower
19:36 Scout Tower
19:37 Scout Tower
19:37 Scout Tower
19:38 Scout Tower
19:39 Scout Tower
19:40 Scout Tower
19:40 Scout Tower
19:41 Scout Tower
20:11 Guard Tower
20:14 Guard Tower
25:04 Town Hall
31:21 Town Hall
» items
| Periapt of Vitality | 2 | |
| Scroll of Regeneration | 6 | |
| Potion of Healing | 4 | |
| Scroll of Town Portal | 5 | |
| Mechanical Critter | 2 | |
19 total
20007 (
green | 7 APM | 151 actions | 20:34)
1 Blood Mage
1 Flame Strike
» actions
| Build / train | 28 | |
| Enter build submenu | 20 | |
| Enter hero's abilities submenu | 1 | |
| Right click | 16 | |
| Select / deselect | 63 | |
| Use ability | 23 | |
151 total
» units
» upgrades
| Lumber Harvesting | 2 | |
| Gunpowder | 3 | |
| Plating | 1 | |
6 total
» buildings
| Altar of Kings | 1 | |
| Farm | 12 | |
| Lumber Mill | 1 | |
| Scout Tower | 1 | |
| Arcane Tower | 1 | |
| Keep | 1 | |
| Blacksmith | 1 | |
| Castle | 1 | |
| Workshop | 3 | |
22 total
» build order
00:34 Altar of Kings
00:46 Farm
01:15 Farm
01:57 Farm
03:33 Lumber Mill
03:59 Farm
04:07 Scout Tower
05:14 Arcane Tower
05:25 Farm
05:38 Keep
06:39 Farm
07:23 Farm
07:26 Farm
07:33 Blacksmith
08:10 Farm
09:01 Farm
09:04 Castle
11:30 Farm
12:21 Farm
13:16 Workshop
13:22 Workshop
13:30 Workshop
Chat log
(00:06 / All) fuccking-mexico: FUCKING HUMANS
(00:09 / All) fuccking-mexico: 8 HUMANS
(00:10 / All) fuccking-mexico: LOL
(00:16 / All) TooLongWait: tank fight
(00:24 / All) SmellMyTurds: penis fight
(00:25 / All) fuccking-mexico: everyone mass tanks
(00:30 / All) fuccking-mexico: see who can kill the other base faster
(00:31 / All) BlitzkriegBop: There aren't 8 humans buddy
(00:32 / Allies) I-Iell_I)emon69: im NE
(00:40 / All) AllPigsMustDie: 7?
(00:43 / All) fuccking-mexico: ?
(00:45 / All) SmellMyTurds: 6
(00:47 / Allies) I-Iell_I)emon69: im NE
(00:53 / All) AllPigsMustDie: fucking mher
(00:53 / All) BlitzkriegBop: Load screen buddy
(00:54 / All) SmellMyTurds: teal luvs penis
(01:02 / All) SmellMyTurds: but who doesn't
(01:07 / All) fuccking-mexico: teal is a noob guys
(01:07 / All) SmellMyTurds: i luv penis too
(01:07 / All) 20007: Greek The Roman War Machine Fleets Fleeter Greece
(01:08 / All) fuccking-mexico: you prob will win
(01:18 / All) AllPigsMustDie: He has mh! We're all fucked
(01:24 / All) AllPigsMustDie: I am going to report him to Blizzard
(01:31 / All) fuccking-mexico: please do
(01:36 / All) BlitzkriegBop: Don't it's Christmas
(01:39 / All) 20007: My Russian White Boys
(01:40 / All) BlitzkriegBop: My mom just buyed me this game
(01:42 / All) AllPigsMustDie: It's the season of giving
(01:45 / All) AllPigsMustDie: even if it's giving reports
(01:49 / All) fuccking-mexico: its the season of hacking
(01:53 / All) 20007: Russians Are White Power
(02:06 / All) AllPigsMustDie: National bolsheviks aren't true white power
(02:06 / All) SmellMyTurds: hacking is for peple with big vaginaz
(02:11 / All) 20007: Spartan Romans Rome ISRAEL
(02:16 / All) AllPigsMustDie: That belongs to we national socialists bro
(02:20 / All) fuccking-mexico: HACKING is for people with yeast infections
(02:29 / All) fuccking-mexico: it may be sourdough
(02:33 / All) SmellMyTurds: i got a east infection!!!
(02:34 / All) BlitzkriegBop: Look at the load screen sometime douche
(02:39 / All) AllPigsMustDie: What's that?
(02:44 / All) 20007: ROME THE ROMAN WAR MACHINE RUSSIA WHITE BOYS AMEN
(02:44 / All) fuccking-mexico: load screen?
(02:46 / All) fuccking-mexico: are you an idiot?
(02:49 / All) fuccking-mexico: seriously teal
(02:52 / All) 20007: SPARTANS
(03:19 / All) 20007: SECRET SERVICE SOVIET UNION OF RUSSIA
(03:24 / All) fuccking-mexico: hey teal i remember my first beer
(03:43 / All) 20007: ANGELS OF LIFE AND DEATH
(04:26 / All) 20007: THE US SECRET SERVICE THE SOVIET UNION OF RUSSIA
(04:35 / All) 20007: EYE FOR AN EYE
(04:36 / All) fuccking-mexico: IN SOVIET RUSSIA ROAD FORKS YOU
(04:58 / All) 20007: NANO CHIP INSIDE OF THE RIGHT EYE
(05:04 / All) 20007: NANO
(05:32 / All) fuccking-mexico: tengo un gato en mis pantalones
(06:10 / All) SmellMyTurds: i luv weenerz
(06:12 / All) 20007: SS SOVIET UNION RUSSIA ISRAEL AMEN
(06:19 / All) 20007: WHITE POWER
(06:31 / All) 20007: WHITE POWER
(06:42 / All) fuccking-mexico: DONT GIVE ME THAT BACK TRACKING BULLSHIT THAT WAS A RACIST SLUR
(06:46 / Allies) I-Iell_I)emon69: anyone got meleee?
(07:01 / All) 20007: WHERE IS FLEETER MY GREEK SURGEON CAESAR
(07:07 / All) 20007: ?
(07:22 / All) fuccking-mexico: dont make me report you to admin
(07:51 / All) 20007: FLEETER MY GREEK SURGEON GREECE
(07:55 / All) 20007: GO GO
(08:05 / Allies) I-Iell_I)emon69: im going air
(08:08 / All) fuccking-mexico: what the fuck is the internet
(08:18 / Allies) AllPigsMustDie: So am I
(08:28 / All) 20007: SECRET SERVICE SOVIET UNION RUSSIA GREEK
(08:33 / All) 20007: ROMAN EMPIRE
(08:41 / All) fuccking-mexico: ROME IS BURNING?
(08:54 / All) 20007: BURNS EVERY DAY
(08:57 / All) fuccking-mexico: WHEN
(09:27 / All) 20007: ROME IS BURNING
(09:33 / All) fuccking-mexico: thats what she said
(09:36 / All) 20007: RUSSIA THEORY
(09:45 / All) AllPigsMustDie: Won't you poor me another martini so we can sit and watch Rome afire, and build a funeral pyre?
(10:06 / All) 20007: ROME IS BURNING CAESAR
(10:17 / All) 20007: JUDAH OF ISRAEL NAZARITES
(10:18 / All) AllPigsMustDie: Then kill Cæsar
(10:19 / All) 20007: GO GO
(10:33 / All) 20007: GHOST MODE ACTIVATED
(10:35 / All) 20007: AMEN
(10:43 / All) TooLongWait: not a single kill due to hero targeting
(10:49 / All) 20007: ROME IS BURNING
(10:56 / All) 20007: HOT
(10:59 / All) 20007: WITH FIRE
(11:24 / All) AllPigsMustDie: lol
(11:27 / All) AllPigsMustDie: He lost his hero to creeps
(11:31 / Allies) c0nvict: gimme red
(11:42 / Allies) AllPigsMustDie: I don't have any red to give you
(11:45 / Allies) c0nvict: gimme the stone
(11:48 / All) fuccking-mexico: who
(11:51 / Allies) AllPigsMustDie: Find one in the rocks somewhere
(11:52 / All) AllPigsMustDie: Blue
(11:55 / All) fuccking-mexico: what?
(12:01 / All) AllPigsMustDie: Someone's MK
(12:28 / All) AllPigsMustDie: Yellow is tking me
(12:30 / Allies) c0nvict: gimme the fucking stone
(12:34 / Allies) AllPigsMustDie: No
(12:39 / All) fuccking-mexico: ornge is attacking me
(12:42 / Allies) AllPigsMustDie: Not after you treat me that way
(12:51 / Allies) AllPigsMustDie: I was going to but noy anymore
(13:50 / All) TooLongWait: still didn't lose a single unit
(13:58 / All) fuccking-mexico: where
(14:01 / All) SmellMyTurds: green tking
(14:01 / All) SmellMyTurds: gg
(14:04 / All) SmellMyTurds: he a pussy nob
(14:05 / All) SmellMyTurds: no units
(14:12 / All) 20007: CAESAR THE ROMAN WAR MACHINE
(14:12 / All) SmellMyTurds: free win for u pussies
(14:15 / All) TooLongWait: hero targeting is sutpid with melee
(14:16 / All) 20007: AMEN
(14:54 / All) TooLongWait: green going ground against air
(14:58 / All) SmellMyTurds: godd kil usless shit green
(14:58 / All) SmellMyTurds: ty
(15:01 / All) SmellMyTurds: he has no units
(15:48 / All) 20007: Greece Greek Roman Fleeter Fleet
(16:00 / Allies) AllPigsMustDie: Do you like my hermit crab exhibit?
(16:04 / Allies) AllPigsMustDie: They are my new pets
(16:10 / Allies) I-Iell_I)emon69: lol
(18:14 / All) SmellMyTurds: 3ve4
(18:16 / All) SmellMyTurds: ur luckky noobz
(18:20 / All) I-Iell_I)emon69: gg noooobs
(18:27 / All) TooLongWait: um orange and yellow havn't attacked
(18:30 / All) TooLongWait: I took on 3 of you alone
(18:37 / All) AllPigsMustDie: I don't appreciate that arrogance
(18:44 / All) TooLongWait: its true
(18:47 / All) fuccking-mexico: ALL DOGS GO TO HEAVEN
(18:54 / All) TooLongWait: I took out teal and green bymyself
(19:07 / All) AllPigsMustDie: It's fabricated and I'll rewrite it in newspeak to erase it
(20:39 / All) SmellMyTurds: sjit team
(20:41 / All) SmellMyTurds: usless fucks
(20:48 / All) TooLongWait: again I took on 2-3 of you guys all game
(20:55 / All) TooLongWait: we had our bad players too
(21:01 / All) AllPigsMustDie: Such as?
(21:06 / All) AllPigsMustDie: Choose your next words wisely
(21:34 / All) SmellMyTurds: u gys gblow
(21:37 / All) SmellMyTurds: can;t even win 3v4
(21:38 / All) SmellMyTurds: noobz lol
(21:41 / All) SmellMyTurds: u guys suck so bad
(21:45 / All) SmellMyTurds: 3v4 all game and u suck
(21:46 / All) SmellMyTurds: cab;t win lol
(22:03 / All) BlitzkriegBop: purple mh
(22:17 / All) BlitzkriegBop: he knew I had no tp even when I didn't
(22:18 / All) BlitzkriegBop: instantly
(23:38 / Allies) I-Iell_I)emon69: all tp to purple
(23:44 / Allies) AllPigsMustDie: I don't want to, he is arrogant
(23:45 / Allies) I-Iell_I)emon69: all tp
(23:49 / Allies) AllPigsMustDie: No
(23:51 / Allies) I-Iell_I)emon69: we need to finish this
(23:52 / Allies) I-Iell_I)emon69: please
(23:53 / Allies) AllPigsMustDie: No
(23:55 / Allies) AllPigsMustDie: He is arrogant
(23:59 / Allies) AllPigsMustDie: I will if he says sorry to me
(25:13 / Allies) TooLongWait: why target me all game?
(25:32 / All) AllPigsMustDie: yELLOW IS A TKER
(25:34 / All) AllPigsMustDie: KILL HIM
(25:43 / Allies) c0nvict: opps
(25:50 / All) TooLongWait: you realize yellow and red weren't trying all game
(25:52 / All) TooLongWait: and we still won
(26:19 / All) AllPigsMustDie: See what I mean when I say he is arrogant?
(26:28 / All) TooLongWait: and I get the highest score by far
(26:41 / All) AllPigsMustDie: Sure you do sport
(27:40 / All) TooLongWait: hawks are only defense
(27:47 / All) TooLongWait: they are pointless to build aaginst other hawlks
(27:54 / All) AllPigsMustDie: I'm not building them to kill hawks
(27:57 / All) TooLongWait: generally go rifle or something
(28:02 / All) AllPigsMustDie: Did you know they work on allied towers?
(28:02 / All) TooLongWait: talking to teal
(28:06 / All) TooLongWait: he was going mass hawks
(28:13 / All) AllPigsMustDie: I anticipated resistance
(28:17 / All) BlitzkriegBop: I had 6 beastiaries
(28:18 / All) AllPigsMustDie: We don't need your tips we are far better players
(28:39 / All) AllPigsMustDie: So purple who is going to have the high score again?
(28:50 / All) AllPigsMustDie: Think over your answer carefully
(29:06 / All) TooLongWait: I have two lvl 7 heros
(29:14 / Allies) I-Iell_I)emon69: what u doing red?
(29:23 / All) BlitzkriegBop: not anymore you don't
(29:31 / All) AllPigsMustDie: Think your answer carefully purple
(29:37 / All) AllPigsMustDie: WHO IS GOING TO HAVE THE HIGH SCORE
(29:41 / All) AllPigsMustDie: WHO WAS THE BEST PLAYER ON YOUR TEAM
(29:44 / All) AllPigsMustDie: AND WHO IS GOING TO 1v6?
(29:55 / All) TooLongWait: unless you kill all of teals armies to get lvls I still will have high score
(30:39 / Allies) I-Iell_I)emon69: what u doing red?
(30:42 / Allies) I-Iell_I)emon69: u ruining the game
(30:45 / Allies) AllPigsMustDie: Killing you
(30:48 / Allies) AllPigsMustDie: For purple's insolence
(31:19 / Allies) AllPigsMustDie: Purple, answer the questions I asked earlier
(31:48 / Allies) TooLongWait: I still ge tthe high score
(31:50 / Allies) AllPigsMustDie: Answer them
(31:51 / Allies) TooLongWait: you can't bee it at this point
(31:52 / Allies) AllPigsMustDie: No you don't
(31:55 / Allies) AllPigsMustDie: Bzzt, wrong answer!
(32:04 / Allies) TooLongWait: what is the diff
(32:08 / Allies) TooLongWait: you still won't have the high score
(32:16 / Allies) TooLongWait: you won't get a high enough resource to make up
(32:20 / Allies) AllPigsMustDie: You are getting the loss. I'm a high roller and you are out of luck
(32:28 / Allies) AllPigsMustDie: This isn't about the score
(32:32 / Allies) AllPigsMustDie: It's about teaching you a lesson
(33:22 / Allies) TooLongWait: even if you bs enough to let teal win
(33:25 / Allies) TooLongWait: I stil lhave high score
(33:33 / Allies) TooLongWait: I'm quiting but it won't make a difference
(33:38 / Allies) AllPigsMustDie: It's about what's in your heart that counts. You can get any score you want
(35:05 / All) AllPigsMustDie: Purple is whispering me and
(35:10 / All) AllPigsMustDie: insulting my score
(35:26 / All) AllPigsMustDie: He wants to be top on the score screen, he says he is second
(35:31 / All) AllPigsMustDie: I have a feeling he is lying
(35:55 / All) BlitzkriegBop: He was saying don't go hawks against hawks I had way more than he had
(36:00 / All) BlitzkriegBop: until yellow showed up
(36:09 / All) BlitzkriegBop: and I kept killing his peons at his expos
(36:23 / All) BlitzkriegBop: + I had 6 aviaries alreday
(36:47 / All) BlitzkriegBop: Gawd just fucking leave yellow
(36:51 / All) BlitzkriegBop: alt tabbing
(38:15 / All) c0nvict: hit teal red hes bsing
(38:26 / All) AllPigsMustDie: I am sure he hasn't noticed
(39:33 / All) AllPigsMustDie: He has unplugged
(39:37 / All) AllPigsMustDie: Or not
(39:40 / All) AllPigsMustDie: He thought about it
(40:10 / All) c0nvict: hes expamding
(40:16 / All) c0nvict: beyyer kill him
(41:02 / All) c0nvict: all hes got is hawks
(41:56 / All) BlitzkriegBop: a-moving orange nad purple bases
(42:51 / All) AllPigsMustDie: My team gets the loss
(42:55 / All) AllPigsMustDie: Purple is a faggot and still whispering me